 Dungeon Crawl Stone Soup version 0.26-a0-651-gb41185065b (webtiles) character file.

Game seed: 4966922271430307374

170 Lanoc the Slasher (level 5, -1/47 HPs)
             Began as a Gnoll Berserker on Oct 16, 2020.
             Was a Believer of Trog.
             Succumbed to a worker ant's poison
             ... on level 4 of the Dungeon.
             The game lasted 00:02:29 (2460 turns).

Lanoc the Slasher (Gnoll Berserker)                 Turns: 2460, Time: 00:02:29

Health: -1/47      AC:  2    Str: 19    XL:     5   Next: 51%
Magic:  7/7        EV: 15    Int: 10    God:    Trog [**....]
Gold:   140        SH:  0    Dex: 15    Spells: 7/7 levels left

rFire    . . .     SeeInvis .   a - +0 falchion
rCold    . . .     Faith    .   (no shield)
rNeg     . . .     Spirit   .   b - +0 animal skin
rPois    .         Reflect  .   (no helmet)
rElec    .         Harm     .   (no cloak)
rCorr    .         Rampage  .   (no gloves)
MR       .....                  (no boots)
Stlth    ++........             (no amulet)
HPRegen  0.15/turn              (no ring)
MPRegen  0.10/turn              (no ring)

@: mighty, lethally poisoned (-1 -> -16), berserk cooldown, stab, slowed, very
slow
A: distributed training, fangs 1, blink, subdued magic 1, strong nose
a: Blink, Berserk, Trog's Hand, Renounce Religion


You were on level 4 of the Dungeon.
You worshipped Trog.
Trog was pleased with you.
You visited 1 branch of the dungeon, and saw 4 of its levels.

You collected 140 gold pieces.

Inventory:

Hand Weapons
 a - a +0 falchion (weapon)
Armour
 b - a +0 animal skin (worn)
Wands
 m - a wand of random effects (22)
Scrolls
 c - 10 scrolls of identify {unknown}
 e - a scroll of teleportation {unknown}
 f - a scroll of fog {unknown}
 h - 3 scrolls of remove curse {unknown}
 j - a scroll of amnesia {unknown}
 k - a scroll of immolation {unknown}
 l - a scroll of enchant weapon {unknown}
 p - a scroll of noise {unknown}
Potions
 n - a potion of haste {unknown}
 o - a potion of flight {unknown}
 q - a potion of degeneration {unknown}


   Skills:
 + Level 6.7 Fighting
 + Level 1.5 Short Blades
 + Level 6.7 Long Blades
 + Level 1.5 Axes
 + Level 1.5 Maces & Flails
 + Level 1.5 Polearms
 + Level 1.5 Staves
 + Level 1.5 Slings
 + Level 1.5 Bows
 + Level 1.5 Crossbows
 + Level 1.5 Throwing
 + Level 4.8 Armour
 + Level 4.8 Dodging
 + Level 1.5 Stealth
 + Level 1.5 Shields
 + Level 1.5 Unarmed Combat
 + Level 1.5 Spellcasting
 + Level 1.2 Conjurations
 + Level 1.2 Hexes
 + Level 1.2 Summonings
 + Level 1.2 Necromancy
 + Level 1.2 Translocations
 + Level 1.2 Transmutations
 + Level 1.2 Fire Magic
 + Level 1.2 Ice Magic
 + Level 1.2 Air Magic
 + Level 1.2 Earth Magic
 + Level 1.2 Poison Magic
 + Level 1.7 Invocations
 + Level 1.5 Evocations


You had 7 spell levels left.
You didn't know any spells.
Your spell library was empty.

Dungeon Overview and Level Annotations

Branches:
Dungeon (4/15)
 Temple: D:4-7

Altars:
Elyvilon
Qazlal
Vehumet
Xom

Shops:
D:4 =


Innate Abilities, Weirdness & Mutations

Your experience applies equally to all skills.
You have very sharp teeth.
Your uncanny sense of smell can sniff out nearby items.
You can translocate small distances at will.
Your spells are a little easier to cast, but a little less powerful.


Message History

You feel sick.
* * * LOW HITPOINT WARNING * * *
You feel sick.
You are too berserk!
You feel your anger nearly subside.
You are no longer berserk.
You are exhausted.
You feel yourself slow down.
* * * LOW HITPOINT WARNING * * *
You feel sick.
It was a potion of stabbing.
You feel ready to backstab.
* * * LOW HITPOINT WARNING * * *
You feel sick.
It was a potion of might.
You feel very mighty all of a sudden.
* * * LOW HITPOINT WARNING * * *
You feel very sick.
It was a potion of mutation.
You feel extremely strange.
Your connection to magic feels subdued.
You feel jittery.
You die...

#.# #......# #. #.#
#......######. . #.#
#............. ... #.#
#..###........ ....# #.#
#[## #........ ......#####.#
#.####........
............###.............
....#............####.......
# #......@...#### ########
#.......#...(.#
#.......#.....####
#####...8.8.8..... . #
#...[..⌠.⌠..#### .##.
#.##..8.∩.8..... ... #.
#...⌠.⌠..#### #. #
####8.8.8.# # ..........#


There were no monsters in sight!

Vanquished Creatures
  An iguana (D:4)
  3 worker ants (D:4)
  An adder (D:3)
  A worm (D:2)
  3 dart slugs
  A leopard gecko (D:1)
  4 orcs
  5 bats
  3 giant cockroaches
  7 goblins
  6 hobgoblins
  4 jackals (D:2)
  6 kobolds
  A quokka (D:3)
  A ball python (D:2)
  A frilled lizard (D:4)
  A quokka skeleton (D:3)
  5 rats
54 creatures vanquished.

Notes
Turn   | Place    | Note
-------+----------+-------------------------------------------
     0 | D:1      | Lanoc the Gnoll Berserker began the quest for the Orb.
     0 | D:1      | Reached XP level 1. HP: 23/23 MP: 1/1
   273 | D:1      | Reached XP level 2. HP: 19/29 MP: 2/2
   554 | D:1      | Found a bloodstained altar of Trog.
   557 | D:1      | Found a radiant altar of Vehumet.
   557 | D:1      | Found a stormy altar of Qazlal.
   559 | D:1      | Found a white marble altar of Elyvilon.
   559 | D:1      | Found a shimmering altar of Xom.
   559 | D:1      | Found a shimmering altar of Xom.
   642 | D:2      | Reached XP level 3. HP: 35/35 MP: 3/3
   763 | D:2      | Reached ** piety under Trog
   769 | D:2      | Reached skill level 1 in Invocations
  1041 | D:3      | Reached skill level 1 in Short Blades
  1041 | D:3      | Reached skill level 1 in Axes
  1041 | D:3      | Reached skill level 1 in Maces & Flails
  1041 | D:3      | Reached skill level 1 in Polearms
  1041 | D:3      | Reached skill level 1 in Staves
  1041 | D:3      | Reached skill level 1 in Slings
  1041 | D:3      | Reached skill level 1 in Bows
  1041 | D:3      | Reached skill level 1 in Crossbows
  1041 | D:3      | Reached skill level 1 in Throwing
  1041 | D:3      | Reached skill level 1 in Stealth
  1041 | D:3      | Reached skill level 1 in Shields
  1041 | D:3      | Reached skill level 1 in Unarmed Combat
  1041 | D:3      | Reached skill level 1 in Spellcasting
  1041 | D:3      | Reached skill level 1 in Evocations
  1185 | D:3      | Reached XP level 4. HP: 39/41 MP: 5/5
  1678 | D:4      | Reached skill level 1 in Conjurations
  1678 | D:4      | Reached skill level 1 in Hexes
  1678 | D:4      | Reached skill level 1 in Summonings
  1678 | D:4      | Reached skill level 1 in Necromancy
  1678 | D:4      | Reached skill level 1 in Translocations
  1678 | D:4      | Reached skill level 1 in Transmutations
  1678 | D:4      | Reached skill level 1 in Fire Magic
  1678 | D:4      | Reached skill level 1 in Ice Magic
  1678 | D:4      | Reached skill level 1 in Air Magic
  1678 | D:4      | Reached skill level 1 in Earth Magic
  1678 | D:4      | Reached skill level 1 in Poison Magic
  1780 | D:4      | Reached XP level 5. HP: 7/47 MP: 6/6
  2097 | D:4      | Found Lehur Pauza's Jewellery Shop.
  2459 | D:4      | HP: 1/47 [poisoned by a worker ant]
  2460 | D:4      | Gained mutation: Your spells are a little easier to cast,
                  | but a little less powerful. [potion of mutation]
  2460 | D:4      | Gained mutation: You can translocate small distances at
                  | will. [potion of mutation]
  2460 | D:4      | Succumbed to a worker ant's poison

Illustrated notes

Levels and vault maps discovered:
D:1:      wheals_arrival_shading, layout_loops_cross, minivault_19,
          doesnt_xom_only_xom
D:2:      layout_rooms, dk_noncrumbling_3
D:3:      layout_loops_cross, chequers_arboretum
D:4:      layout_rooms, serial_shops,
          nicolae_shop_temple_entry_statues_fountains

Skill      XL: |  1  2  3  4 |
---------------+-------------+-----
Invocations    | 1 |  1.7
Short Blades   | 1 |  1.5
Axes           | 1 |  1.5
Maces & Flails | 1 |  1.5
Polearms       | 1 |  1.5
Staves         | 1 |  1.5
Slings         | 1 |  1.5
Bows           | 1 |  1.5
Crossbows      | 1 |  1.5
Throwing       | 1 |  1.5
Stealth        | 1 |  1.5
Shields        | 1 |  1.5
Unarmed Combat | 1 |  1.5
Spellcasting   | 1 |  1.5
Evocations     | 1 |  1.5
Conjurations   | 1 |  1.2
Hexes          | 1 |  1.2
Summonings     | 1 |  1.2
Necromancy     | 1 |  1.2
Translocations | 1 |  1.2
Transmutations | 1 |  1.2
Fire Magic     | 1 |  1.2
Ice Magic      | 1 |  1.2
Air Magic      | 1 |  1.2
Earth Magic    | 1 |  1.2
Poison Magic   | 1 |  1.2
Fighting       | |  6.7
Long Blades    | |  6.7
Armour         | |  4.8
Dodging        | |  4.8

Action                   |  1- 3 |  4- 6 || total
-------------------------+-------+-------++-------
Melee: Falchion          |    73 |    58 ||   131
       Bite              |    11 |     9 ||    20
       Punch             |       |     4 ||     4
Invok: Berserk           |     2 |     3 ||     5
  Use: Potion            |       |     3 ||     3
 Stab: Sleeping          |     2 |     1 ||     3
Armor: Animal skin       |    16 |     3 ||    19
Dodge: Dodged            |    57 |    43 ||   100
       Rpst.: Falchion   |    22 |    15 ||    37

Table legend: (Time is in decaauts)
 A = Elapsed time spent in this place.
 B = Non-inter-level travel time spent in this place.
 C = Inter-level travel time spent in this place.
 D = Time resting spent in this place.
 E = Time spent auto-exploring this place.
 F = Levels seen in this place.
 G = Mean time per level.
                   A        B        C        D        E       F      G
               +--------+--------+--------+--------+--------+-----+--------+
         Total |   2495 |   2465 |     30 |    122 |   2032 |   4 |  623.8 |
       Dungeon |   2495 |   2465 |     30 |    122 |   2032 |   4 |  623.8 |
               +--------+--------+--------+--------+--------+-----+--------+

Top non-repeatable levels by time:
     D:4: 823 daAuts
     D:3: 746 daAuts
     D:1: 655 daAuts
     D:2: 271 daAuts
